 Dungeon Crawl Stone Soup version 0.22-a0-580-gd5db89c (webtiles) character file.

3058 Firecrotchwizard the Carver (level 9, -2/82 HPs)
             Began as a Minotaur Abyssal Knight on July 3, 2018.
             Was an Elder of Lugonu.
             Slain by a vampire
             ... wielding a +2 morningstar of protection
              (18 damage)
             ... on level 8 of the Dungeon.
             The game lasted 00:15:08 (8111 turns).

Firecrotchwizard the Carver (MiAK)                  Turns: 8111, Time: 00:15:08

Health: -2/82      AC: 13    Str: 18    XL:     9   Next: 57%
Magic:  13/13      EV:  7    Int:  9    God:    Lugonu [****..]
Gold:   268        SH:  0    Dex: 17    Spells: 8/8 levels left

rFire    + . .     SeeInvis .   r - +1 scimitar (freeze)
rCold    . . .     Gourm    .   (no shield)
rNeg     . . .     Faith    .   o - +0 chain mail
rPois    .         Spirit   .   v - +2 hat
rElec    .         Reflect  .   p - +0 cloak
rCorr    .         Harm     .   j - +0 pair of gloves
MR       .....                  (no boots)
Stlth    ..........             y - amulet of regeneration {@e1+regen, !d}
HPRegen  0.63/turn              n - ring of protection from fire {rF+, !d}
MPRegen  0.13/turn              t - +5 ring of dexterity

@: confused
A: retaliatory headbutt, horns 2
a: Depart the Abyss, Bend Space, Banish, Corrupt, Renounce Religion


You were on level 8 of the Dungeon.
You worshipped Lugonu.
Lugonu was greatly pleased with you.
You were not hungry.

You visited 1 branch of the dungeon, and saw 8 of its levels.
You visited the Abyss 1 time.

You collected 436 gold pieces.
You spent 168 gold pieces at shops.

Inventory:

Hand Weapons
 a - a +2 falchion
 r - a +1 scimitar of freezing (weapon)
   (You found it on level 8 of the Dungeon)
Missiles
 m - 2 throwing nets {=f, !d}
Armour
 e - the cursed +0 plate armour "Quniysyu" {rF- MR+ Int+10 SInv, unknown}
   (You found it on level 6 of the Dungeon)

   It affects your intelligence (+10).
   It makes you vulnerable to fire.
   It affects your resistance to hostile enchantments.
   It lets you see invisible.
   It has a curse placed upon it.
 j - a +0 pair of gloves (worn)
   (You found it on level 4 of the Dungeon)
 o - a +0 chain mail (worn)
   (You found it on level 2 of the Dungeon)
 p - a +0 cloak (worn)
   (You found it on level 2 of the Dungeon)
 v - a +2 hat (worn)
   (You bought it in a shop on level 4 of the Dungeon)
Jewellery
 n - a ring of protection from fire (left hand) {rF+, !d}
   (You found it on level 2 of the Dungeon)
 t - a +5 ring of dexterity (right hand)
   (You found it on level 6 of the Dungeon)
 y - an amulet of regeneration (around neck) {@e1+regen, !d}
   (You found it on level 7 of the Dungeon)
Wands
 A - a wand of polymorph (15)
   (You found it on level 8 of the Dungeon)
Scrolls
 b - 3 scrolls of blinking {!r}
 d - a scroll of identify
 f - a scroll of noise {unknown}
 h - 2 scrolls of fear
 l - 3 scrolls of remove curse
 u - 2 scrolls of teleportation
 w - a scroll of magic mapping {!r}
Potions
 g - a potion of ambrosia
 i - 2 potions of degeneration {@e1!q}
 k - 2 potions of agility {unknown}
 q - a potion of lignification {unknown}
 s - a potion of curing {unknown}
 x - a potion of heal wounds {unknown}
Comestibles
 c - 11 rations {@e1}
 z - 7 chunks of flesh {@w0}


   Skills:
 + Level 8.9 Fighting
 * Level 11.4 Long Blades
 - Level 2.4 Armour
 - Level 1.1 Dodging
 + Level 6.9 Invocations


You had 8 spell levels left.
You didn't know any spells.
Your spell library was empty.

Dungeon Overview and Level Annotations

Branches:
Dungeon (8/15)             Temple (0/1) D:7
   Lair: D:8-11

Altars:
Ashenzari
Cheibriados
Dithmenos
Fedhas
Gozag
Kikubaaqudgha
Makhleb
Okawaru
Ru
Sif Muna
Trog
Vehumet
Wu Jian
Zin

Shops:
D:4 :[*   D:5 =

Annotations:
D:3 exclusion: door
D:4 exclusion: statue


Innate Abilities, Weirdness & Mutations

You reflexively headbutt those who attack you in melee.
You have a pair of horns on your head.


Message History

The phantom blinks!
A big kobold and a vampire come into view.
The vampire is wielding a morningstar of protection.
The big kobold shouts!
You hear a horrible gurgling sound!
The phantom hits you!
An ice beast comes into view.
The big kobold moves out of view.
You take 7 damage, and have 75/82 hp.
Okay, then.
Okay, then.
Space bends sharply around you!
The phantom blinks!
The giant cockroach blinks!
You blink.
You take 1 damage, and have 74/82 hp.
You now have 12/13 mp.
The phantom hits you.
The phantom blinks!
You take 3 damage, and have 71/82 hp.
MP restored: 13
(D) Dungeon (T) Temple
Where to? (Enter - D:8, ? - help)
Okay, then.
You slash the big kobold! You freeze the big kobold.
You headbutt the big kobold.
The big kobold hits you but does no damage.
You miss the big kobold. Your headbutt misses the big kobold.
The big kobold hits you but does no damage.
You hit the big kobold. You freeze the big kobold.
You kill the big kobold!
Lugonu accepts your kill.
The phantom blinks!
You slash the jelly! You freeze the jelly.
Your hands burn!
The jelly hits you but does no damage.
You take 2 damage, and have 75/82 hp.
Your chain mail prevents you from hitting the jelly.
You kill the jelly!
Lugonu accepts your kill.
You closely miss the orc warrior. The orc warrior barely misses you.
You hit the orc warrior. You freeze the orc warrior.
The vampire gestures wildly while chanting.
The vampire flickers and vanishes!
The orc warrior hits you but does no damage.
You completely miss the orc warrior. You slash the orc warrior!
You freeze the orc warrior.
The orc warrior hits you with a battleaxe!
You take 7 damage, and have 70/82 hp.
You completely miss the orc warrior.
The orc warrior hits you with a battleaxe.
You take 5 damage, and have 65/82 hp.
You hit the orc warrior. You freeze the orc warrior.
The phantom blinks!
You hit the orc warrior. You freeze the orc warrior.
The orc warrior completely misses you. You furiously retaliate!
You headbutt the orc warrior!
You kill the orc warrior!
Lugonu accepts your kill. The phantom hits you!
The phantom blinks!
You take 6 damage, and have 60/82 hp.
You slash the phantom! You headbutt the phantom.
The phantom hits you but does no damage.
Your chain mail prevents you from hitting the phantom.
The phantom hits you.
You slash the phantom! You freeze the phantom. You slash the phantom!
You destroy the phantom!
Lugonu accepts your kill.
You miss something. Something hits you! Something bites you.
Something draws strength from your injuries!
You take 13 damage, and have 48/82 hp.
You miss something. Something hits you but does no damage.
Something bites you but does no damage.
You hit something but do no damage. You closely miss something.
You headbutt something. Something hits you!
Something bites you but does no damage.
You take 12 damage, and have 37/82 hp.
You miss something. Something hits you. Something completely misses you.
You take 1 damage, and have 36/82 hp.
You hit something. You headbutt something. You hit something.
You freeze something.
You hear some strange, mumbled words.
Something tries to affect you, but you resist.
You hit something. Something hits you! Something bites you.
Something draws strength from your injuries!
The orc wizard gestures wildly while chanting.
The orc wizard flickers and vanishes!
You take 10 damage, and have 27/82 hp.
You miss something. You miss something. You headbutt something.
Something hits you but does no damage. Something bites you but does no damage.
You hit something but do no damage. You headbutt something.
You closely miss something.
You hear some strange, mumbled words.
You are confused.
You bump into the rock wall.
Something hits you!
* * * LOW HITPOINT WARNING * * *
Something bites you.
* * * LOW HITPOINT WARNING * * *
Something draws strength from your injuries!
You take 17 damage, and have 12/82 hp.
MASSIVE DAMAGE!!
It was a potion of ambrosia.
You are more confused.
You feel invigorated. Something hits you!!
You die...

.................................
...#####.#####.##########...##.##
......##.# #.#.......##...##.##
......##.### #.#.......##.####..#
......##...###.#.......##.# ##.#
......##...#...#.......##.#####..
......)....'..........[.......>..
......##...#...#.########.####.#.
......##...#...#@# ## ### #.##
......##...#...#{# .. s. #.##
......######...#s# .###Y #.##
...............#o# #V..# #.#
......######...#K# #...# #.#
......# #...#{# #...# #.# ......#
#.#####§##### #.# #####.#
#.#...§§....# #.## #.#
#......W....# #...


You could see an orc warrior, a giant cockroach and a kobold.

Vanquished Creatures
  3 hippogriffs (D:7)
  Sigmund (D:3)
  An orc warrior (D:8)
  A sky beast (D:7)
  2 ice beasts
  3 phantoms
  3 ogres
  A centaur (D:5)
  2 necrophages
  A big kobold (D:8)
  4 bullfrogs
  A scorpion (D:5)
  2 howler monkeys
  2 crimson imps (D:7)
  2 jellies
  2 orc priests
  3 hounds
  2 orc wizards
  3 iguanas
  5 worker ants
  2 hound zombies (D:5)
  A worker ant zombie (D:7)
  4 adders
  4 gnolls (D:3)
  2 shadow imps
  An adder zombie (D:4)
  6 worms
  A dart slug (D:2)
  6 leopard geckos
  13 orcs
  4 giant cockroaches
  2 goblins
  10 hobgoblins
  16 jackals
  2 kobolds
  4 quokkas
  4 ball pythons
  8 bats
  5 frilled lizards
  A leopard gecko skeleton (D:7)
  2 quokka skeletons
  2 quokka zombies
  6 rats
150 creatures vanquished.

Notes
Turn   | Place    | Note
-------+----------+-------------------------------------------
     0 | Abyss:1  | Firecrotchwizard the Minotaur Abyssal Knight began the quest for the Orb.
     0 | Abyss:1  | Reached XP level 1. HP: 19/19 MP: 1/1
    30 | Abyss:1  | Found a corrupted altar of Lugonu.
    72 | Abyss:1  | Found a corrupted altar of Lugonu.
   145 | D:1      | Escaped the Abyss
   425 | D:1      | Reached skill level 2 in Invocations
   604 | D:1      | Reached skill level 3 in Long Blades
   604 | D:1      | Reached XP level 2. HP: 21/27 MP: 2/2
   792 | D:1      | Found a shattered altar of Ashenzari.
  1085 | D:2      | Reached skill level 4 in Fighting
  1246 | D:2      | Reached XP level 3. HP: 31/33 MP: 3/3
  1322 | D:2      | Reached ** piety under Lugonu
  1455 | D:2      | Reached skill level 4 in Long Blades
  1455 | D:2      | Reached XP level 4. HP: 30/41 MP: 3/5
  1617 | D:2      | Found a shadowy altar of Dithmenos.
  2238 | D:3      | Reached XP level 5. HP: 42/47 MP: 6/6
  2244 | D:3      | Reached skill level 3 in Invocations
  2251 | D:3      | Reached skill level 5 in Long Blades
  2697 | D:3      | Reached *** piety under Lugonu
  2697 | D:3      | Reached skill level 5 in Fighting
  2875 | D:3      | Noticed Sigmund
  3090 | D:3      | Found a deep blue altar of Sif Muna.
  3320 | D:3      | Found a bloodstained altar of Trog.
  3380 | D:3      | Found a faded altar of an unknown god.
  3470 | D:3      | Killed Sigmund
  3470 | D:3      | Reached skill level 6 in Long Blades
  3470 | D:3      | Reached XP level 6. HP: 44/56 MP: 7/7
  3726 | D:4      | Reached skill level 4 in Invocations
  3726 | D:4      | Reached XP level 7. HP: 36/62 MP: 7/9
  3868 | D:4      | Found Nostreqo's Antique Armour Emporium.
  3889 | D:4      | Reached skill level 7 in Long Blades
  4109 | D:4      | Found a glowing silver altar of Zin.
  4109 | D:4      | Found an ancient bone altar of Kikubaaqudgha.
  4148 | D:4      | Found Zoawk's Book Shop.
  4186 | D:4      | Reached skill level 6 in Fighting
  4257 | D:4      | Found Fuon's Assorted Antiques.
  4262 | D:4      | Bought a glowing hat for 168 gold pieces
  4348 | D:4      | Found an opulent altar of Gozag.
  4416 | D:4      | You fall through a shaft!
  4416 | D:5      | Entered Level 5 of the Dungeon
  4612 | D:4      | Found a radiant altar of Vehumet.
  5009 | D:5      | Reached skill level 8 in Long Blades
  5188 | D:5      | Found Koahuir's Jewellery Boutique.
  5196 | D:5      | Reached XP level 8. HP: 32/71 MP: 10/10
  5420 | D:5      | Reached skill level 5 in Invocations
  5879 | D:6      | Got a crude plate armour
  5998 | D:6      | Found a burning altar of Makhleb.
  6379 | D:7      | Reached skill level 7 in Fighting
  6387 | D:7      | Found a snail-covered altar of Cheibriados.
  6394 | D:7      | Reached skill level 9 in Long Blades
  6456 | D:7      | Found an iron altar of Okawaru.
  6599 | D:7      | Found a blossoming altar of Fedhas.
  6804 | D:7      | Found a sacrificial altar of Ru.
  6825 | D:7      | Noticed a hippogriff
  6846 | D:7      | HP: 12/73 [hippogriff (6)]
  6848 | D:7      | Killed a hippogriff
  6848 | D:7      | Reached **** piety under Lugonu
  7146 | D:7      | Found a staircase to the Ecumenical Temple.
  7196 | D:7      | Noticed a hippogriff
  7203 | D:7      | Noticed a hippogriff
  7218 | D:7      | Killed a hippogriff
  7218 | D:7      | Reached skill level 10 in Long Blades
  7218 | D:7      | Reached skill level 6 in Invocations
  7222 | D:7      | HP: 17/74 [hippogriff (6)]
  7227 | D:7      | HP: 10/74 [hippogriff (2)]
  7228 | D:7      | Killed a hippogriff
  7228 | D:7      | Reached skill level 8 in Fighting
  7228 | D:7      | Reached XP level 9. HP: 11/81 MP: 8/12
  7890 | D:8      | Reached skill level 11 in Long Blades
  7926 | D:8      | Found an ornate altar of the Wu Jian Council.
  8110 | D:8      | HP: 18/82 [something (12)]
  8111 | D:8      | Slain by a vampire

Vault maps used:
D:1:      ncdulo_wetmaze, evilmike_ruin_ashenzari
D:2:      first_ration, nicolae_dithmenos_through_a_glass_darkly
D:3:      cheibrodos_pilgrimage, led_sif_book, lightli_temple_of_fire,
          chequers_ecumenical_altar_grove, uniq_sigmund
D:4:      vehumet_statue, nicolae_gozag_cash_rules_everything_around_me,
          gammafunk_temple_overflow_elements, serial_shops, shop_statue,
          nicolae_shop_crystal, nicolae_shop_behind_doors
D:5:      serial_shops, nicolae_shop_crystal
D:6:      bloody_makhleb
D:7:      overflow_temple_1_default, nicolae_overflow_hidden_temple,
          overflow_temple_1_default, kennysheep_little_box,
          minmay_temple_entry_butterflies
D:8:      minmay_blocky_corners, kennysheep_mini, serial_shops,
          kennysheep_mini_moat

Skill      XL: |  1  2  3  4  5  6  7  8  9 |
---------------+----------------------------+-----
Invocations    | 2 3 4 6 |  6.9
Long Blades    | 3 4 6 8 10 11 | 11.4
Fighting       | 4 5 6 8 |  8.9
Armour         | |  2.4
Dodging        | |  1.1

Action                   |  1- 3 |  4- 6 |  7- 9 || total
-------------------------+-------+-------+-------++-------
Melee: Falchion          |    72 |   172 |   227 ||   471
       Headbutt          |    11 |    27 |    66 ||   104
       Scimitar          |       |       |    51 ||    51
Invok: Bend Space        |       |       |     2 ||     2
       Banish            |       |       |     1 ||     1
  Use: Potion            |       |     1 |     1 ||     2
       Scroll            |       |       |    13 ||    13
  Eat: Chunk             |     2 |     7 |    14 ||    23
Armor: Scale mail        |    37 |    65 |    97 ||   199
       Leather armour    |     2 |       |       ||     2
       Chain mail        |       |       |    39 ||    39
Dodge: Dodged            |    31 |    58 |   117 ||   206
       Rpst.: Falchion   |     8 |    14 |    25 ||    47
       Scimitar          |       |       |     1 ||     1

Table legend:
 A = Spawn XP
 B = Non-spawn XP
 C = Spawn XP percentage of total XP
 D = Spawn monster count
 E = Non-spawn monster count
 F = Spawn count percentage of total count
 G = Total turns spent on level
                    A         B        C        D         E        F      G
               +---------+---------+-------+---------+---------+-------+---------
         Total |       0 |    4369 |   0.0 |       0 |     150 |   0.0 |  8111
               +---------+---------+-------+---------+---------+-------+---------
           D:1 |       0 |      19 |   0.0 |       0 |      12 |   0.0 |   871
           D:2 |       0 |     141 |   0.0 |       0 |      30 |   0.0 |  1206
           D:3 |       0 |     442 |   0.0 |       0 |      30 |   0.0 |  1499
           D:4 |       0 |     416 |   0.0 |       0 |      15 |   0.0 |   973
           D:5 |       0 |     550 |   0.0 |       0 |      12 |   0.0 |  1113
           D:6 |       0 |     149 |   0.0 |       0 |      11 |   0.0 |   556
           D:7 |       0 |    1510 |   0.0 |       0 |      22 |   0.0 |  1390
           D:8 |       0 |    1142 |   0.0 |       0 |      18 |   0.0 |   358
               +---------+---------+-------+---------+---------+-------+---------

Vault maps used:
D:1:      ncdulo_wetmaze, evilmike_ruin_ashenzari
D:2:      first_ration, nicolae_dithmenos_through_a_glass_darkly
D:3:      cheibrodos_pilgrimage, led_sif_book, lightli_temple_of_fire,
          chequers_ecumenical_altar_grove, uniq_sigmund
D:4:      vehumet_statue, nicolae_gozag_cash_rules_everything_around_me,
          gammafunk_temple_overflow_elements, serial_shops, shop_statue,
          nicolae_shop_crystal, nicolae_shop_behind_doors
D:5:      serial_shops, nicolae_shop_crystal
D:6:      bloody_makhleb
D:7:      overflow_temple_1_default, nicolae_overflow_hidden_temple,
          overflow_temple_1_default, kennysheep_little_box,
          minmay_temple_entry_butterflies
D:8:      minmay_blocky_corners, kennysheep_mini, serial_shops,
          kennysheep_mini_moat

Table legend:
 A = Turns spent in this place as a percentage of turns spent in the entire game.
 B = Non-inter-level travel turns spent in this place as a percentage of non-inter-level travel turns spent in the entire game.
 C = Inter-level travel turns spent in this place as a percentage of turns spent in this place.
 D = Turns resting spent in this place as a percentage of non-inter-level travel turns spent in this place.
 E = Turns spent auto-exploring this place as a percentage of non-inter-level travel turns spent in this place.
 F = Non-inter-level travel turns spent in this place divided by the number of levels of this place that you've seen.
                   A       B       C       D       E      F
               +-------+-------+-------+-------+-------+----------------------
         Total | 100.0 | 100.0 |   3.5 |  31.6 |  53.1 | 869.3
       Dungeon |  98.2 |  98.1 |   3.6 |  32.2 |  52.3 | 959.9
         Abyss |   1.8 |   1.9 |   0.0 |   0.0 |  94.5 | 145.0
               +-------+-------+-------+-------+-------+----------------------

Table legend:
 A = Kills in this place as a percentage of kills in entire the game.
 B = Kills by you in this place as a percentage of kills by you in the entire game.
 C = Kills by friends in this place as a percentage of kills by friends in the entire game.
 D = Other kills in this place as a percentage of other kills in the entire game.
 E = Experience gained in this place as a percentage of experience gained in the entire game.
 F = Experience gained in this place divided by the number of levels of this place that you have seen.
                   A       B       C       D       E      F
               +-------+-------+-------+-------+-------+----------------------
         Total | 100.0 | 100.0 |   N/A |   N/A | 100.0 | 485.4
       Dungeon | 100.0 | 100.0 |   N/A |   N/A | 100.0 | 546.1
               +-------+-------+-------+-------+-------+----------------------
